 Dungeon Crawl Stone Soup version 0.23.1 (webtiles) character file.

Game seed: 12827231924103210517

90 Borgoz the Sneak (level 4, -4/33 HPs)
             Began as a Ghoul Enchanter on Mar 5, 2019.
             Slain by an orc
             ... wielding a +0 hand axe
              (5 damage)
             ... on level 3 of the Dungeon.
             The game lasted 00:03:10 (2199 turns).

Borgoz the Sneak (Ghoul Enchanter)                  Turns: 2199, Time: 00:03:11

Health: -4/33      AC:  3    Str: 11    XL:     4   Next: 56%
Magic:  5/5        EV: 12    Int: 10    God:
Gold:   136        SH:  0    Dex: 10    Spells: 3/6 levels left

rFire    . . .     SeeInvis .   q - +1 dagger (venom)
rCold    + . .     Gourm    .   (no shield)
rNeg     + + +     Faith    .   b - +0 robe
rPois    ∞         Spirit   .   (no helmet)
rElec    .         Reflect  .   (no cloak)
rCorr    .         Harm     .   (no gloves)
MR       .....                  n - +0 pair of boots
Stlth    ++........             s - amulet of the acrobat
HPRegen  0.00/turn              (no ring)
MPRegen  0.09/turn              (no ring)

@: very slightly contaminated, rotting, invisible
A: rotting body, claws 1, carnivore, cold resistance 1, negative energy
resistance 3, inhibited regeneration, torment resistance, unbreathing
a: no special abilities


You were on level 3 of the Dungeon.
You were not hungry.

You visited 1 branch of the dungeon, and saw 3 of its levels.

You collected 136 gold pieces.

Inventory:

Hand Weapons
 q - a +1 dagger of venom (weapon)
Armour
 b - a +0 robe (worn)
 n - a +0 pair of boots (worn)
Jewellery
 s - an amulet of the acrobat (around neck)
Scrolls
 e - a scroll of enchant weapon {unknown}
 g - a scroll of blinking {unknown}
 h - a scroll of amnesia {unknown}
 l - a scroll of noise {unknown}
 o - a scroll of magic mapping {unknown}
 p - a scroll of teleportation {unknown}
Potions
 c - 2 potions of invisibility
 i - 4 potions of curing
 j - a potion of cancellation {unknown}
 k - a potion of brilliance {unknown}
 m - a potion of agility {unknown}
 r - a potion of might {unknown}
 t - a potion of heal wounds {unknown}
Comestibles
 a - a chunk of flesh
 d - 4 rations


   Skills:
 * Level 2.4 Short Blades
 + Level 2.4 Dodging
 + Level 4.0 Stealth
 - Level 1.7 Spellcasting
 + Level 2.9 Hexes


You had 3 spell levels left.
You knew the following spells:

 Your Spells              Type           Power        Failure   Level  Hunger
a - Corona                Hex            #......      10%         1    ##.....
b - Ensorcelled Hibernat  Hex/Ice        #.....       26%         2    ###....

Your spell library contained the following spells:

 Spells                   Type           Power        Failure   Level  Hunger
 Confuse                  Hex            #.......     28%         3    ####...
 Tukima's Dance           Hex            #.......     28%         3    ####...
 Dazzling Spray           Conj/Hex       #.....       47%         3    ####...


Dungeon Overview and Level Annotations

Branches:
Dungeon (3/15)

Altars:
Cheibriados
Makhleb
The Shining One


Innate Abilities, Weirdness & Mutations

Your body is rotting away.
You thrive on raw meat.
You are immune to poison.
You have sharp fingernails.
You are carnivorous and can eat meat at any time.
Your flesh is cold resistant. (rC+)
You are immune to negative energy. (rN+++)
You do not regenerate when monsters are visible.
You are immune to unholy pain and torment.
You can survive without breathing.


Message History

Unknown command.
You hear some strange, mumbled words.
A puff of flame appears from out of thin air!
The puff of flame misses you.
You barely miss the orc.
The orc is lightly wounded.
It was a potion of invisibility.
You fade into invisibility!
The orc hits you with a +0 hand axe.
* * * LOW HITPOINT WARNING * * *
Something hits you but does no damage.
You are very lightly contaminated with residual magic.
It was a potion of curing.
You feel better. The orc hits you with a +0 hand axe.
* * * LOW HITPOINT WARNING * * *
Something hits you.
* * * LOW HITPOINT WARNING * * *
It was a potion of lignification.
You feel woody for a moment. The orc hits you with a +0 hand axe.
You die...

≈...P≈ ♣....###≈≈≈♣ ≈
P≈...≈≈ ♣...## .P≈≈≈
≈≈≈..≈≈ ♣...####..P≈P
≈....≈P ♣♣........P≈≈P
≈P≈..PP♣♣....##.#####
≈...P ♣≈.....#......
≈≈..≈♣♣......#(..##
#...P≈..#####....#
#...♣≈.## ##..#.@##
#......# #..###o{#
##.....####.##(##r...#
#####..#....'.#......#
##...#.##.##.#......
#..####...####.....
#.##....[....##...#
#..####...#### ....
##. ##.## ...


You could see an orc and a rat.

Vanquished Creatures
  3 adders (D:2)
  A gnoll (D:1)
  An ooze (D:3)
  2 worms
  A dart slug (D:1)
  3 leopard geckos (D:1)
  An orc (D:3)
  A ball python (D:3)
  A bat (D:1)
  A giant cockroach (D:1)
  3 goblins
  5 hobgoblins
  6 kobolds
  2 quokkas
  3 frilled lizards
  5 rats
39 creatures vanquished.

Notes
Turn   | Place    | Note
-------+----------+-------------------------------------------
     0 | D:1      | Borgoz the Ghoul Enchanter began the quest for the Orb.
     0 | D:1      | Reached XP level 1. HP: 14/14 MP: 2/2
    80 | D:1      | Reached skill level 1 in Short Blades
   127 | D:1      | Reached XP level 2. HP: 16/20 MP: 3/3
   134 | D:1      | Learned a level 2 spell: Ensorcelled Hibernation
   421 | D:1      | Reached XP level 3. HP: 14/26 MP: 0/4
  1333 | D:2      | Reached XP level 4. HP: 13/33 MP: 1/5
  1769 | D:2      | Found a snail-covered altar of Cheibriados.
  1771 | D:2      | Found a glowing golden altar of the Shining One.
  1922 | D:2      | Found a burning altar of Makhleb.
  2186 | D:3      | Reached skill level 4 in Stealth
  2198 | D:3      | HP: 1/33 [something (3)]
  2199 | D:3      | Slain by an orc

Skill      XL: |  1  2  3  4 |
---------------+-------------+-----
Short Blades   | 1 2 |  2.4
Dodging        | 2 |  2.4
Stealth        | 4 |  4.0
Spellcasting   | |  1.7
Hexes          | |  2.9

Action                   |  1- 3 |  4- 6 || total
-------------------------+-------+-------++-------
Melee: Dagger            |    89 |    56 ||   145
 Cast: Ensorcelled Hiber |     5 |     2 ||     7
  Use: Potion            |       |     3 ||     3
 Stab: Sleeping          |     5 |     3 ||     8
  Eat: Chunk             |     2 |     4 ||     6
Armor: Robe              |    13 |    11 ||    24
Dodge: Dodged            |    47 |    34 ||    81
